 Dungeon Crawl Stone Soup version 0.28-b1-1-g3c77fb2ed1 (webtiles) character file.

Game seed: 3513456452272555451

220 croobank the Magician (level 5, -1/46 HPs)
             Began as a Troll Hedge Wizard on Jan 31, 2022.
             Succumbed to an orc wizard's poison
             ... on level 4 of the Dungeon.
             The game lasted 00:13:28 (2639 turns).

croobank the Magician (Troll Hedge Wizard)          Turns: 2639, Time: 00:13:29

Health: -1/46      AC:  5    Str: 21    XL:     5   Next: 64%
Magic:  5/7        EV: 14    Int: 16    God:
Gold:   77         SH:  0    Dex:  9    Spells: 0/9 levels left

rFire   . . .      SeeInvis .   p - +5 falchion "Buody" {holy, Fragile rN+ Str+3 Int+4}
rCold   . . .      Faith    .   (no shield)
rNeg    + . .      Spirit   .   b - +0 robe
rPois   .          Reflect  .   c - +0 hat
rElec   .          Harm     .   t - +0 cloak
rCorr   .          Rampage  .   (gloves unavailable)
Will    .....                   (boots unavailable)
Stlth   +.........              (no amulet)
HPRegen 0.95/turn               g - +4 ring of evasion
MPRegen 0.10/turn               o - +4 ring of slaying

@: lethally poisoned (-1 -> -18)
A: large, unfitting armour, claws 3, regeneration 1, shaggy fur 1, tough skin 1
a: no special abilities


You were on level 4 of the Dungeon.
You visited 1 branch of the dungeon, and saw 4 of its levels.

You collected 77 gold pieces.

Inventory:

Hand Weapons
 a - a +0 dagger
 d - a +0 hand axe
 p - the +5 falchion "Buody" (weapon) {holy, Fragile rN+ Str+3 Int+4}
   (You found it on level 3 of the Dungeon)

   It has been blessed by the Shining One to cause great damage to the undead
   and demons.
   Str:       It affects your strength (+3).
   Int:       It affects your intelligence (+4).
   rN:        It protects you from negative energy.
   Fragile:   It will be destroyed if unequipped.
 u - a +3 hand axe of electrocution
Missiles
 e - 134 stones
 f - 47 arrows
 k - 7 poisoned darts
 r - 10 bolts
 s - 13 sling bullets
 v - 2 boomerangs
Armour
 b - a +0 robe (worn)
 c - a +0 hat (worn)
 t - a +0 cloak (worn)
Jewellery
 g - a +4 ring of evasion (left claw)
 o - a +4 ring of slaying (right claw)
Scrolls
 m - a scroll of identify
Potions
 h - a potion of berserk rage
 i - a potion of might
 j - 2 potions of mutation
 n - a potion of brilliance {unknown}
 q - a potion of curing {unknown}


   Skills:
 + Level 0.6 Fighting
 * Level 1.7 Long Blades
 - Level 0.9 Axes
 + Level 2.1 Dodging
 + Level 1.5 Stealth
 + Level 2.6 Spellcasting
 * Level 1.5 Conjurations
 - Level 1.0 Summonings
 + Level 0.6 Translocations


You couldn't memorise any spells.
You knew the following spells:

 Your Spells              Type           Power      Damage    Failure   Level
a - Magic Dart            Conj           28%        1d4       11%         1
b - Slow                  Hex            8%         N/A       21%         1
c - Blink                 Tloc           8%         N/A       22%         2
d - Call Imp              Summ           5%         N/A       19%         2
e - Mephitic Cloud        Conj/Pois/Air  3%         N/A       43%         3

Your spell library contained the following spells:

 Spells                   Type           Power      Damage    Failure   Level
 Conjure Flame            Conj/Fire      4%         6-21      38%         3


Dungeon Overview and Level Annotations

Branches:
Dungeon (4/15)
 Temple: D:4-7

Altars:

Shops:
D:1 ::(


Innate Abilities, Weirdness & Mutations

You are too large for most types of armour.
You have claws for hands.
Your natural rate of healing is unusually fast.
You are covered in fur. (AC +1)
You have tough skin. (AC +1)


Message History

You closely miss something. Something hits you but does no damage.
An endoplasm comes into view.
Something hits you.
You are poisoned.
You closely miss something.
You feel sick. Something hits you. Something hits you but does no damage.
You are more poisoned.
Something barely misses you.
You miss something.
You feel very sick. Something hits you.
You are more poisoned.
You hear some strange, mumbled words.
A puff of flame appears from out of thin air!
The puff of flame hits you.
You miss something.
You feel very sick. Something hits you.
You are lethally poisoned!
The orc hits you but does no damage.
You hear some strange, mumbled words.
Something tries to affect you, but you resist.
You hit something but do no damage.
* * * LOW HITPOINT WARNING * * *
You feel very sick. Something hits you.
* * * LOW HITPOINT WARNING * * *
The orc closely misses you. Something hits you but does no damage.
Something completely misses you.
Okay, then.
As you read the scroll labelled KEUCKO KAUF, it crumbles to dust.
It is a scroll of enchant weapon.
Your +2 hand axe of electrocution glows red for a moment.
* * * LOW HITPOINT WARNING * * *
You feel very sick. The orc hits you but does no damage.
Something hits you but does no damage. Something hits you.
* * * LOW HITPOINT WARNING * * *
You are more poisoned.
You die...

### #.# ### .. #.#
##.# ....###.##
##.##
.........###..#
####.
#{{o....#####.....
##)....#..........
#..@...###....###..#
##.....# #...## ..#
#......# ##..## ...
#.....## ##..###...
#.....# #...#....
......# ##.....#
........ ##.....##
.........# #......#
.###...##..##


You could see an orc.

Vanquished Creatures
  A black bear (D:3)
  A hound zombie (D:3)
  A hound skeleton (D:4)
  4 adders
  A worm (D:3)
  2 orcs
  4 ball pythons
  11 endoplasms
  2 giant cockroaches
  4 goblins
  3 hobgoblins
  7 kobolds
  3 quokkas
  6 bats
  5 frilled lizards
  2 rats
57 creatures vanquished.

Notes
Turn   | Place    | Note
-------+----------+-------------------------------------------
     0 | D:1      | croobank the Troll Hedge Wizard began the quest for the
                  | Orb.
     0 | D:1      | Reached XP level 1. HP: 16/16 MP: 2/2
   186 | D:1      | Found Hevikhlyv's Book Shoppe.
   211 | D:1      | Found Paokhlaj's Weapon Shoppe.
   264 | D:1      | Reached XP level 2. HP: 24/24 MP: 0/4
   266 | D:1      | Learned a level 1 spell: Slow
   269 | D:1      | Learned a level 2 spell: Blink
   310 | D:1      | Found Xoiwys's Book Boutique.
   613 | D:2      | Found a faded altar of an unknown god.
   865 | D:2      | Reached XP level 3. HP: 31/31 MP: 5/5
   868 | D:2      | Learned a level 2 spell: Call Imp
  1643 | D:3      | Identified the +5 falchion "Buody" {holy, Fragile rN+ Str+3
                  | Int+4}
  1699 | D:3      | Reached skill level 1 in Summonings
  1763 | D:3      | Reached skill level 1 in Conjurations
  1763 | D:3      | Reached XP level 4. HP: 39/39 MP: 6/6
  2135 | D:3      | Noticed a black bear
  2147 | D:3      | Killed a black bear
  2148 | D:3      | Reached skill level 1 in Long Blades
  2148 | D:3      | Reached XP level 5. HP: 42/46 MP: 7/7
  2585 | D:4      | Learned a level 3 spell: Mephitic Cloud
  2639 | D:4      | Succumbed to an orc wizard's poison

Illustrated notes

Levels and vault maps discovered:
D:1:      dpeg_arrival_shrine, layout_loops_ring, serial_shops, shop_statue,
          shop, shop
D:2:      layout_loops_corners, nicolae_ecumenical_pavilion
D:3:      kb_forest_paths, layout_basic, kennysheep_nondescript
D:4:      layout_layer_cave, kennysheep_mini, kennysheep_crisscross

Skill      XL: |  1  2  3  4 |
---------------+-------------+-----
Summonings     | 1 |  1.0
Conjurations   | 1 |  1.5
Long Blades    | 1 |  1.7
Dodging        | 2 |  2.1
Fighting       | |  0.6
Axes           | |  0.9
Stealth        | |  1.5
Spellcasting   | |  2.6
Translocations | |  0.6

Action                   |  1- 3 |  4- 6 || total
-------------------------+-------+-------++-------
Melee: Hand axe          |    79 |       ||    79
       Dagger            |     1 |       ||     1
       Falchion          |    16 |    45 ||    61
       Punch             |     1 |     2 ||     3
 Cast: Magic Dart        |    13 |    15 ||    28
       Slow              |     1 |       ||     1
  Use: Scroll            |     4 |     4 ||     8
 Stab: Sleeping          |     3 |       ||     3
Armor: Robe              |    41 |    19 ||    60
Dodge: Dodged            |    71 |    26 ||    97
